 Dungeon Crawl Stone Soup version 0.31-a0-256-g80acddb972 (webtiles) character file.

Game seed: 18053820453612931570

196 Ijustatesigmund the Stinger (level 5, -3/34 HPs)
             Began as an Octopode Venom Mage on July 13, 2023.
             Slain by a black bear (6 damage)
             ... on level 4 of the Dungeon.
             The game lasted 00:05:14 (3302 turns).

Ijustatesigmund the Stinger (Octopode Venom Mage)   Turns: 3302, Time: 00:05:15

Health: -3/34      AC:  1    Str:  8    XL:     5   Next: 74%
Magic:  4/9        EV: 13    Int: 19    God:
Gold:   184        SH:  0    Dex: 12    Spells: 4/10 levels left

rFire   . . .        h - +2 war axe
rCold   . . .        (no shield)
rNeg    . . .        (helmet restricted)
rPois   +            (no amulet)
rElec   .            i - ring of poison resistance
rCorr   .            (no ring)
SInv    .            (no ring)
Will    .....        (no ring)
Stlth   +++          (no ring)
HPRegen 0.25/turn    (no ring)
MPRegen 0.11/turn    (no ring)
                     (no ring)

%: no passive effects
@: attractive, invisible
A: almost no armour, amphibious, 8 rings, camouflage 1, gelatinous body 1,
(nimble swimmer 1), tentacles
a: no special abilities


You were on level 4 of the Dungeon.
You visited 1 branch of the dungeon, and saw 4 of its levels.

You collected 184 gold pieces.

Inventory:

Hand Weapons
 b - a +0 spear
 h - a +2 war axe (weapon)
Missiles
 o - 2 throwing nets
Jewellery
 i - a ring of poison resistance (left tentacle)
Scrolls
 d - a scroll of enchant weapon
 f - 3 scrolls of teleportation
 k - a scroll of identify
 n - a scroll of fog {unknown}
 s - a scroll of immolation
Potions
 a - a potion of magic
 c - a potion of haste
 e - a potion of cancellation {unknown}
 g - a potion of attraction
 j - a potion of might {unknown}
 l - a potion of degeneration {unknown}
 m - a potion of brilliance {unknown}
 p - a potion of resistance {unknown}
 r - a potion of curing {unknown}


   Skills:
 + Level 2.3 Fighting
 - Level 2.0 Dodging
 - Level 2.6 Stealth
 + Level 3.0 Spellcasting
 + Level 1.6 Conjurations
 - Level 1.0 Transmutations
 + Level 2.0 Air Magic
 + Level 4.8 Poison Magic


You had 4 spell levels left.
You knew the following spells:

 Your Spells              Type           Power      Damage    Failure   Level
a - Sting                 Tmut/Pois      52%        1d5       4%          1
b - Poisonous Vapours     Pois/Air       30%        N/A       5%          2
c - Mephitic Cloud        Conj/Pois/Air  13%        N/A       14%         3

Your spell library contained the following spells:

 Spells                   Type           Power      Damage    Failure   Level
 Wereblood                Tmut           6%         N/A       16%         2
 Olgreb's Toxic Radiance  Pois           21%        N/A       22%         4
 Irradiate                Conj/Tmut      3%         3d12      94%         5


Dungeon Overview and Level Annotations

Branches:
Dungeon (4/15)
 Temple: D:4-7

Altars:
Kikubaaqudgha
Qazlal
Xom
Zin
The Shining One

Annotations:
D:3 1 runed translucent door, Beaer's ghost, amateur HOFi


Innate Abilities, Weirdness & Mutations

You cannot wear most types of armour.
You are amphibious.
You can wear up to eight rings at the same time.
Your skin changes colour to match your surroundings (Stealth+).
Your rubbery body absorbs attacks. (AC +1, EV +1)
((You are camouflaged when in or above water. (Stealth+)))
You have tentacles for arms and can constrict up to eight enemies at once.


Message History

The howler monkey hoots and howls with incredible vigour!
You slash the howler monkey! You grab the howler monkey.
You squeeze the howler monkey.
The howler monkey is heavily wounded.
You constrict the howler monkey. The howler monkey hits you!
The howler monkey barely misses you.
You slash the howler monkey!
You kill the howler monkey!
Your Spellcasting skill increases to level 3!
Your Air Magic skill increases to level 2!
You see here a +0 dagger of venom.
You hit the black bear. You grab the black bear.
The black bear is severely wounded.
You constrict the black bear. The black bear bites you.
The black bear completely misses you. The black bear misses you.
The black bear goes berserk!
You hit the black bear. You squeeze the black bear.
The black bear is almost dead.
You constrict the black bear. The black bear closely misses you.
The black bear misses you. The black bear completely misses you.
The black bear barely misses you. The black bear claws you.
The black bear barely misses you.
You are too injured to fight recklessly!
You are too injured to fight recklessly!
You are too injured to fight recklessly!
Unknown command.
It was a potion of attraction.
You feel attractive to monsters.
You constrict the black bear. The black bear bites you!
* * * LOW HITPOINT WARNING * * *
The black bear completely misses you. The black bear barely misses you.
The orc priest is attracted toward you.
Okay, then.
Okay, then.
It was a potion of invisibility.
You fade into invisibility!
You constrict the black bear. The black bear misses you.
The black bear claws you but does no damage.
The black bear claws you.
You die...

...................'..h'ho.....,,
....#####..........#####.....o.,,
#####...#......................,,
>.......#......................,,
#.......#......#'##.^.......o..,<
#.......#......#..#............,,
#.......#....,,#..#............,,
#..##...#...,,,#h.#............,,
#..##...#####+##@.####+#..,,<,,,,
#.............§o.......+,,,,,,,,,
+...............)†.....#,,,,,,,,,
#.......##....##..######,,,,,,,,,
#.......#####+##..#*,,,*,,,,,,,,,
#.............#........#,,,,,,,,,
#.............#........#,,,,,,,,,
#...>.........#...##...#,,,,,,,,,
#.............#...#*...#,,,,,,,,,


You could see a black bear (berserk, unable to see you) and an orc priest
(unable to see you).

Vanquished Creatures
  A howler monkey (D:4)
  2 hounds (D:4)
  3 adders
  A worm (D:3)
  3 dart slugs
  3 orcs
  5 ball pythons
  4 endoplasms
  4 giant cockroaches
  7 goblins
  4 hobgoblins
  10 kobolds
  3 quokkas
  5 bats
  3 frilled lizards
  6 rats
64 creatures vanquished.

Notes
Turn   | Place    | Note
-------+----------+-------------------------------------------
     0 | D:1      | Ijustatesigmund the Octopode Venom Mage began the quest for
                  | the Orb.
     0 | D:1      | Reached XP level 1. HP: 11/11 MP: 3/3
    81 | D:1      | Reached XP level 2. HP: 15/18 MP: 0/5
   143 | D:1      | Learned a level 2 spell: Poisonous Vapours
   305 | D:1      | Reached skill level 4 in Poison Magic
   423 | D:1      | Reached skill level 1 in Fighting
   490 | D:1      | Found a faded altar of an unknown god.
   971 | D:2      | Reached XP level 3. HP: 23/23 MP: 3/6
   975 | D:2      | Learned a level 3 spell: Mephitic Cloud
  1062 | D:2      | Reached skill level 1 in Air Magic
  1442 | D:2      | Reached XP level 4. HP: 28/28 MP: 4/7
  1549 | D:3      | Found a glowing silver altar of Zin.
  1568 | D:3      | Found an ancient bone altar of Kikubaaqudgha.
  1943 | D:3      | Found a glowing golden altar of the Shining One.
  2156 | D:3      | Found a stormy altar of Qazlal.
  2384 | D:3      | Found a runed translucent door.
  2385 | D:3      | Noticed Beaer's ghost (amateur HOFi)
  2385 | D:3      | Noticed an ice beast
  2435 | D:3      | Reached skill level 1 in Conjurations
  2912 | D:4      | Found a shimmering altar of Xom.
  2953 | D:4      | Reached XP level 5. HP: 21/34 MP: 4/9
  3265 | D:4      | Noticed a black bear
  3302 | D:4      | Slain by a black bear

Illustrated notes

Levels and vault maps discovered:
D:1:      lightli_arrival_windingriver, layout_basic,
          chequers_ecumenical_altar_simple_redux, corner_web_ring
D:2:      layout_rooms, serial_curves, eino_curves_01, eino_curves_02,
          minmay_strange_pillars
D:3:      layout_loops_ring, overflow_temple_1_default,
          mainiacjoe_overflow_concentric_impassable,
          nicolae_qazlal_scattered_showers, nicolae_tso_swordbearing_angel,
          ebering_ghost_inner_flame, minivault_23, dreamdust_mushroom_princess,
          minmay_joined_circles
D:4:      layout_gridville, lemuel_tele_altar

Skill      XL: |  1  2  3  4  5 |
---------------+----------------+-----
Poison Magic   | 4 |  4.8
Fighting       | 1 2 |  2.3
Air Magic      | 1 2 |  2.0
Conjurations   | 1 |  1.6
Spellcasting   | 3 |  3.0
Dodging        | |  2.0
Stealth        | |  2.6
Transmutations | |  1.0

Action                     |  1- 3 |  4- 6 || total
---------------------------+-------+-------++-------
  Melee: Spear             |    35 |       ||    35
         Constrict         |     9 |    17 ||    26
         Tentacles         |     4 |     7 ||    11
         War axe           |    28 |    44 ||    72
   Cast: Sting             |     4 |       ||     4
         Poisonous Vapours |    14 |    23 ||    37
         Mephitic Cloud    |       |     2 ||     2
    Use: Scroll            |       |     8 ||     8
         Potion            |       |     2 ||     2
   Stab: Sleeping          |     7 |     1 ||     8
 Armour: Skin              |     4 |     4 ||     8
  Dodge: Dodged            |    47 |    37 ||    84

Table legend: (Time is in decaauts)
 A = Elapsed time spent in this place.
 B = Non-inter-level travel time spent in this place.
 C = Inter-level travel time spent in this place.
 D = Time resting spent in this place.
 E = Time spent auto-exploring this place.
 F = Levels seen in this place.
 G = Mean time per level.
                   A        B        C        D        E       F      G
               +--------+--------+--------+--------+--------+-----+--------+
         Total |   3339 |   3292 |     47 |    363 |   2459 |   4 |  834.8 |
       Dungeon |   3339 |   3292 |     47 |    363 |   2459 |   4 |  834.8 |
               +--------+--------+--------+--------+--------+-----+--------+

Top non-repeatable levels by time:
     D:3: 1175 daAuts
     D:1: 879 daAuts
     D:2: 662 daAuts
     D:4: 622 daAuts
